 Dungeon Crawl Stone Soup version 0.27-a0-819-g058290f16d (webtiles) character file.

Game seed: 12270153260390187409

192 polve the Slasher (level 5, 0/61 HPs)
             Began as a Demonspawn Abyssal Knight on Mar 29, 2021.
             Was a Believer of Lugonu.
             Succumbed to a water moccasin's poison
             ... on level 3 of the Dungeon.
             The game lasted 00:01:56 (2844 turns).

polve the Slasher (Demonspawn Abyssal Knight)       Turns: 2844, Time: 00:01:56

Health: 0/61       AC: 12    Str: 12    XL:     5   Next: 42%
Magic:  6/6        EV: 10    Int: 14    God:    Lugonu [**....]
Gold:   174        SH:  0    Dex: 13    Spells: 4/4 levels left

rFire    . . .     SeeInvis .   b - +2 dagger (venom)
rCold    . . .     Faith    .   (no shield)
rNeg     . . .     Spirit   .   c - +4 ring mail
rPois    .         Reflect  .   (no helmet)
rElec    .         Harm     .   (no cloak)
rCorr    .         Rampage  .   (no gloves)
Will     .....                  (no boots)
Stlth    ..........             (no amulet)
HPRegen  0.20/turn              (no ring)
MPRegen  0.10/turn              (no ring)

@: berserking (expiring), lethally poisoned (0 -> -12), very quick
A: talons 1, icy blue scales 2
a: Renounce Religion, Depart the Abyss, Bend Space


You were on level 3 of the Dungeon.
You worshipped Lugonu.
Lugonu was pleased with you.
You visited 1 branch of the dungeon, and saw 3 of its levels.
You visited the Abyss 1 time.

You collected 174 gold pieces.

Inventory:

Hand Weapons
 a - a +2 falchion
 b - a +2 dagger of venom (weapon)
Armour
 c - a +4 ring mail (worn)
Scrolls
 d - a scroll of vulnerability {unknown}
 e - a scroll of enchant armour {unknown}
 f - a scroll of teleportation


   Skills:
 - Level 3.0 Fighting
 + Level 5.2 Long Blades
 - Level 1.7 Armour
 - Level 0.8 Dodging
 - Level 2.4 Invocations


You had 4 spell levels left.
You didn't know any spells.
Your spell library was empty.

Dungeon Overview and Level Annotations

Branches:
Dungeon (3/15)

Altars:
Cheibriados
Qazlal
Uskayaw


Innate Abilities, Weirdness & Mutations

You have sharp toenails.
You are mostly covered in icy blue scales. (AC +3)


Message History

You are too injured to fight recklessly!
You are too injured to fight recklessly!
You are too injured to fight recklessly!
You are too injured to fight recklessly!
It was a potion of berserk rage.
A red film seems to cover your vision as you go berserk!
You feel yourself moving faster!
You feel mighty!
* * * LOW HITPOINT WARNING * * *
You feel very sick. The water moccasin barely misses you.
You barely miss the water moccasin. You claw the water moccasin!
The water moccasin is heavily wounded.
* * * LOW HITPOINT WARNING * * *
You feel very sick.
The water moccasin bites you but does no damage.
You miss the water moccasin. You claw the water moccasin!
The water moccasin is severely wounded.
* * * LOW HITPOINT WARNING * * *
You feel very sick.
The water moccasin bites you but does no damage.
You miss the water moccasin.
The water moccasin is severely wounded.
* * * LOW HITPOINT WARNING * * *
You feel sick.
You puncture the water moccasin!
You kill the water moccasin!
Lugonu accepts your kill.
* * * LOW HITPOINT WARNING * * *
You feel sick.
Your Long Blades skill increases to level 5!
You have reached level 5!
Your demonic ancestry asserts itself...
Icy blue scales spread over more of your body.
Calm down first, please.
There is a lethal amount of poison in your body!
There is a lethal amount of poison in your body!
* * * LOW HITPOINT WARNING * * *
You feel sick.
You feel a strong urge to attack something.
You die...

..#+#.###†...### #.#.#.# #
......#......#####.#.#^####
.......†.###>..............
......†..†.#...............
...........#.#.##..#...###.
...........#.#.#..........)
...........# ####......).
......#+#..# +........
....#...#.@# #........
#...#.#....#+#############.
#. ####........# #.
..............# #.
#.#####.......# #.
#........ #. #........ #.
#........ ## ........#


There were no monsters in sight!

Vanquished Creatures
  A water moccasin (D:3)
  3 adders
  An ufetubus (D:2)
  A dart slug (D:1)
  An orc (D:3)
  2 endoplasms (D:1)
  10 goblins
  4 hobgoblins
  6 jackals
  2 ball pythons
  5 bats
  8 kobolds
  4 rats
48 creatures vanquished.

Notes
Turn   | Place    | Note
-------+----------+-------------------------------------------
     0 | Abyss:1  | polve the Demonspawn Abyssal Knight began the quest for the
                  | Orb.
     0 | Abyss:1  | Reached XP level 1. HP: 18/18 MP: 2/2
    40 | Abyss:1  | Noticed a spatial vortex
    44 | Abyss:1  | Noticed a neqoxec
    47 | D:1      | Escaped the Abyss
    82 | D:1      | Found a snail-covered altar of Cheibriados.
    95 | D:1      | Reached * piety under Lugonu
   187 | D:1      | Reached skill level 2 in Long Blades
   290 | D:1      | Gained mutation: You have sharp toenails. [demonic
                  | ancestry]
   290 | D:1      | Reached XP level 2. HP: 24/24 MP: 3/3
   979 | D:2      | Found a stormy altar of Qazlal.
  1142 | D:2      | Reached skill level 3 in Long Blades
  1142 | D:2      | Reached XP level 3. HP: 2/29 MP: 4/4
  2028 | D:3      | Noticed a water moccasin
  2687 | D:3      | Gained mutation: You are partially covered in icy blue
                  | scales. (AC +2) [demonic ancestry]
  2687 | D:3      | Reached XP level 4. HP: 35/35 MP: 5/5
  2691 | D:3      | Found a hide-covered altar of Uskayaw.
  2701 | D:3      | Reached skill level 4 in Long Blades
  2763 | D:3      | Reached ** piety under Lugonu
  2842 | D:3      | Killed a water moccasin
  2843 | D:3      | Reached skill level 5 in Long Blades
  2843 | D:3      | Gained mutation: You are mostly covered in icy blue scales.
                  | (AC +3) [demonic ancestry]
  2843 | D:3      | Reached XP level 5. HP: 4/41 MP: 6/6
  2843 | D:3      | HP: 2/61 [poisoned by a water moccasin]
  2844 | D:3      | Succumbed to a water moccasin's poison

Illustrated notes

Levels and vault maps discovered:
D:1:      minmay_arrival_plants_in_alcoves, layout_basic,
          roderic_serpentine_path, cheibriados_altar_1
D:2:      layout_loops_ring, grunt_qazlal_clouds
D:3:      cheibrodos_greedy_goblins, layout_basic, vehumet_crystals,
          nicolae_uskayaw_dance_hall, uniq_crazy_yiuf_cottage

Skill      XL: |  1  2  3  4 |
---------------+-------------+-----
Long Blades    | 2 3 5 |  5.2
Fighting       | |  3.0
Armour         | |  1.7
Dodging        | |  0.8
Invocations    | |  2.4

Action                   |  1- 3 |  4- 6 || total
-------------------------+-------+-------++-------
Melee: Falchion          |   101 |       ||   101
       Kick              |    21 |     3 ||    24
       Dagger            |     5 |    29 ||    34
Invok: Depart the Abyss  |     1 |       ||     1
  Use: Potion            |     1 |     1 ||     2
       Scroll            |     3 |       ||     3
Armor: Leather armour    |    17 |       ||    17
       Ring mail         |    20 |    19 ||    39
Dodge: Dodged            |    59 |    14 ||    73
       Rpst.: Falchion   |    18 |       ||    18

Table legend: (Time is in decaauts)
 A = Elapsed time spent in this place.
 B = Non-inter-level travel time spent in this place.
 C = Inter-level travel time spent in this place.
 D = Time resting spent in this place.
 E = Time spent auto-exploring this place.
 F = Levels seen in this place.
 G = Mean time per level.
                   A        B        C        D        E       F      G
               +--------+--------+--------+--------+--------+-----+--------+
         Total |   2854 |   2743 |    111 |      0 |   2438 |   4 |  713.5 |
       Dungeon |   2807 |   2696 |    111 |      0 |   2398 |   3 |  935.7 |
         Abyss |     47 |     47 |      0 |      0 |     40 |   1 |   47.0 |
               +--------+--------+--------+--------+--------+-----+--------+

Top non-repeatable levels by time:
     D:2: 1126 daAuts
     D:1: 931 daAuts
     D:3: 749 daAuts
 Abyss:1: 47 daAuts
